Map: Neon Violet Square LE

Players

Meatballer - Winner!

  • Race: Terran Terran
  • League: Platinum
  • Spawn Location: 11:00

Test

  • Race: Terran Terran
  • Spawn Location: 5:00

VOD

Have the link to the VOD?

Description

Time

  • Played on: May 14, 2018, 3:31 p.m.
  • Length: 22:09
Show
View Real Time Build Order
Export as new Build Order

Meatballer Terran - Winner!

Build Orders: Mech 

Get SALT Encoding   

  12  0:02  SCV  
  13  0:22  Supply Depot  
  13  0:23  Refinery  
  13  0:24  SCV  
  14  0:36  SCV  
  15  0:47  Barracks  
  15  0:55  SCV  
  16  1:05  Refinery  
  16  1:07  SCV  
  17  1:19  SCV  
  18  1:45  Command Center  
  18  1:53  Marine  
  19  1:58  SCV  
  20  2:10  Orbital Command  
  20  2:26  Factory  
  20  2:42  Factory  
  20  2:44  SCV  
  21  2:54  Marine  
  21  2:56  SCV  
  23  3:00  Orbital Command  
  23  3:08  SCV  
  23  3:10  Factory Tech Lab  
  24  3:20  Bunker  
  24  3:21  Marine  
  24  3:25  SCV  
  26  3:28  SCV  
  27  3:36  Factory Tech Lab  
  27  3:37  Siege Tank  
  30  3:43  Marine  
  30  3:45  Refinery  
  31  3:51  SCV  
  32  3:56  Siege Tank  
  32  4:01  Armory  
  35  4:03  SCV  
  36  4:14  Engineering Bay  
  36  4:15  SCV  
  36  4:16  SCV  
  38  4:26  Supply Depot  
  38  4:30  Supply Depot  
  38  4:47  SCV, Siege Tank  
  42  4:53  Siege Tank  
  42  4:59  Missile Turret  
  45  5:03  Missile Turret  
  45  5:05  Missile Turret  
  45  5:12  Missile Turret  
  45  5:13  SCV  
  46  5:17  SCV  
  47  5:22  Siege Tank  
  47  5:25  SCV, Terran Vehicle And Ship Armor Level 1  
  51  5:29  SCV, Armory  
  52  5:41  SCV  
  53  5:46  Sensor Tower  
  53  5:52  Sensor Tower  
  53  6:01  Supply Depot x2  
  53  6:04  Siege Tank  
  56  6:13  SCV  
  57  6:18  Refinery  
  57  6:19  Command Center  
  57  6:25  SCV  
  58  6:45  Siege Tank x2  
  64  6:54  Factory  
  64  6:56  Missile Turret  
  64  7:02  Missile Turret  
  64  7:12  SCV  
  64  7:13  Terran Vehicle Weapons Level 1  
  65  7:17  Siege Tank  
  68  7:30  Marine  
  68  7:35  Command Center, Orbital Command  
  69  7:39  SCV  
  69  7:41  Factory Tech Lab  
  70  7:44  Siege Tank  
  70  7:48  Marine  
  70  7:49  Siege Tank  
  70  7:51  SCV  
  68  8:30  Siege Tank x3  
  68  8:31  Marine  
  78  8:49  Marine  
  60  9:07  Marine, Siege Tank x3  
  70  9:10  SCV  
  70  9:11  Refinery  
  70  9:15  SCV  
  72  9:22  SCV  
  73  9:27  SCV  
  73  9:29  Missile Turret  
  74  9:32  Missile Turret  
  74  9:33  Missile Turret  
  74  9:34  SCV  
  75  9:39  SCV, Siege Tank x2  
  82  9:49  Siege Tank  
  82  9:52  Orbital Command  
  76  10:11  Siege Tank  
  70  10:44  Siege Tank x2  
  70  10:49  Siege Tank  
  32  11:30  SCV  
  32  11:32  SCV  
  29  11:42  SCV  
  29  11:44  SCV  
  31  11:48  Refinery  
  31  11:55  SCV  
  31  11:56  SCV  
  33  12:03  Starport  
  33  12:04  Starport  
  33  12:05  Starport  
  33  12:07  SCV  
  33  12:19  SCV  
  34  12:27  Engineering Bay  
  30  12:31  SCV  
  30  12:33  Liberator x3  
  30  12:36  Orbital Command  
  31  12:43  SCV  
  41  12:55  SCV  
  41  12:56  Command Center  
  41  13:05  Missile Turret  
  41  13:06  Missile Turret  
  41  13:07  SCV  
  42  13:15  SCV  
  42  13:19  SCV  
  42  13:27  SCV  
  42  13:31  SCV  
  44  13:39  SCV  
  45  13:51  SCV, Refinery  
  45  13:53  Refinery  
  45  13:54  Factory Tech Lab  
  46  13:59  Refinery  
  46  14:03  Missile Turret  
  46  14:04  SCV  
  46  14:05  Missile Turret  
  47  14:10  Missile Turret  
  47  14:16  SCV  
  48  14:28  SCV  
  39  14:51  Liberator x3  
  48  15:16  Refinery  
  45  15:21  SCV, Barracks  
  45  15:22  Barracks  
  45  15:24  Barracks  
  46  15:34  SCV  
  47  15:46  SCV  
  45  16:01  Siege Tank  
  48  16:07  Barracks  
  48  16:10  SCV  
  46  16:17  Planetary Fortress, Command Center  
  46  16:22  SCV  
  47  16:33  Siege Tank  
  44  17:32  Marine x3  
  44  17:33  Marine  
  44  17:35  Barracks  
  44  17:37  SCV, Barracks  
  39  17:39  Barracks  
  37  17:45  Planetary Fortress  
  37  17:48  SCV  
  37  17:49  SCV  
  37  17:50  Marine x3  
  42  17:53  Refinery  
  42  17:55  Siege Tank  
  45  18:00  SCV  
  45  18:01  SCV, Marine  
  48  18:08  Marine x3  
  48  18:12  SCV  
  52  18:13  SCV  
  53  18:25  Marine x3  
  53  18:26  Marine  
  58  18:27  Siege Tank  
  58  18:28  Barracks Reactor x2  
  58  18:33  Barracks Tech Lab  
  60  18:36  Liberator x3  
  60  18:49  Marine x3  
  60  18:55  SCV  
  73  19:02  Supply Depot  
  73  19:04  Supply Depot  
  73  19:07  SCV  
  74  19:10  Marauder  
  74  19:11  Concussive Shells  
  74  19:12  Marine  
  74  19:13  Marine x4  
  74  19:14  Marine x3  
  84  19:19  SCV  
  84  19:20  Terran Infantry Weapons Level 1  
  85  19:30  Marine  
  86  19:31  SCV  
  86  19:32  Marauder  
  89  19:41  Marine x4  
  89  19:43  SCV  
  94  19:45  Supply Depot  
  94  19:47  Supply Depot  
  94  19:53  Marauder  
  94  20:14  Marauder  
  94  20:18  Marine x2  
  94  20:19  Marine  
  95  20:36  Marauder  
  95  20:37  Liberator  
  95  20:38  Liberator x2  
  103  20:57  Marine, Marauder  
  103  20:58  Marine x6  
  103  20:59  Marine  
  108  21:15  Marine x2  
  108  21:16  Marine x5  
  95  21:19  Marauder  
  94  21:40  Marauder  
Show
View Real Time Build Order
Export as new Build Order

Test Terran 

Build Orders:  

Get SALT Encoding   

  12  0:00  SCV  
  13  0:13  SCV  
  14  0:21  Supply Depot  
  14  0:25  SCV  
  15  0:30  Refinery  
  15  0:43  SCV  
  16  0:50  Barracks  
  16  0:59  SCV  
  17  1:12  SCV  
  18  1:29  Command Center  
  18  1:33  SCV  
  18  1:36  Marine  
  20  1:46  Refinery  
  20  1:54  Marine  
  20  1:58  Orbital Command  
  21  2:12  Marine  
  22  2:17  Supply Depot  
  22  2:33  Factory  
  22  2:38  Barracks Reactor  
  22  2:44  SCV x2  
  24  2:58  SCV  
  26  2:59  Orbital Command  
  25  3:09  Factory  
  25  3:20  SCV  
  25  3:26  Refinery  
  26  3:32  SCV  
  26  3:33  Barracks Reactor, Engineering Bay  
  27  3:44  SCV x2  
  29  3:48  Refinery  
  29  3:56  SCV  
  29  3:57  SCV  
  29  3:58  Cyclone  
  29  4:00  Factory Tech Lab  
  34  4:03  Cyclone  
  37  4:10  Missile Turret  
  37  4:13  Missile Turret  
  37  4:14  SCV  
  37  4:15  SCV  
  39  4:25  Terran Infantry Weapons Level 1  
  39  4:42  Starport  
  39  4:44  Siege Tank  
  42  4:49  SCV  
  43  4:54  SCV  
  44  5:01  SCV  
  44  5:06  Command Center  
  45  5:13  SCV, Supply Depot  
  46  5:17  Supply Depot  
  46  5:35  SCV, Cyclone, Medivac  
  52  5:41  Starport  
  52  5:49  Siege Tank  
  55  5:50  Marine  
  55  5:51  Marine  
  58  5:57  SCV  
  58  5:59  SCV  
  59  6:05  Medivac  
  59  6:09  SCV, Missile Turret  
  62  6:13  Sensor Tower  
  62  6:17  SCV  
  63  6:19  Supply Depot  
  63  6:21  SCV, Siege Tank  
  63  6:22  Supply Depot  
  67  6:25  Orbital Command  
  67  6:29  SCV  
  67  6:31  Medivac  
  70  6:33  SCV  
  71  6:42  Cyclone  
  74  6:47  Armory  
  74  6:49  Cyclone  
  74  6:51  SCV  
  74  6:53  Siege Tank  
  81  6:55  Refinery  
  81  7:12  Missile Turret  
  81  7:17  Missile Turret  
  81  7:19  Refinery  
  81  7:20  SCV, Missile Turret  
  82  7:23  SCV x2  
  82  7:28  Starport Tech Lab  
  84  7:30  Starport Reactor  
  84  7:33  SCV  
  84  7:35  SCV x2, Cyclone, Siege Tank  
  93  7:38  Terran Vehicle Weapons Level 1  
  93  7:46  Supply Depot  
  93  7:49  Marine, SCV  
  95  7:53  Supply Depot  
  95  7:56  Supply Depot  
  89  8:12  Cyclone  
  89  8:13  Cyclone x2  
  95  8:22  SCV  
  95  8:25  Banshee  
  99  8:34  SCV  
  100  8:44  Cyclone  
  100  8:45  Siege Tank  
  106  9:02  Marine x2  
  104  9:08  Banshee  
  108  9:17  Siege Tank  
  108  9:18  Cyclone  
  108  9:20  Marine x2  
  115  9:38  Marine x2  
  114  9:49  Siege Tank  
  114  9:51  Banshee  
  120  9:55  Orbital Command  
  120  9:56  Marine x2  
  122  10:13  Marine x2  
  124  10:21  Siege Tank  
  118  10:31  Marine x2  
  95  10:53  Banshee  
  71  12:18  Starport Tech Lab  
  71  12:19  Starport Tech Lab  
  43  12:47  SCV  
  43  12:59  SCV  
  43  13:01  Cyclone  
  43  13:02  Cyclone  
  50  13:11  SCV  
  51  13:14  Marine  
  52  13:23  SCV  
  53  13:31  Marine  
  53  13:33  Cyclone, Refinery  
  53  13:34  Cyclone, Refinery  
  60  13:35  SCV  
  61  13:46  Orbital Command  
  61  13:47  SCV  
  62  13:49  Marine  
  63  13:59  SCV  
  64  14:05  Cyclone  
  64  14:06  Cyclone  
  64  14:07  Marine, Command Center  
  71  14:11  SCV  
  69  14:20  SCV  
  70  14:25  Marine  
  70  14:32  SCV  
  70  14:38  Cyclone x2  
  72  14:43  Marine  
  72  14:44  SCV  
  66  14:49  Orbital Command  
  66  14:56  SCV  
  66  14:57  SCV  
  67  15:00  Marine  
  68  15:08  SCV  
  68  15:09  SCV  
  68  15:10  Cyclone x2  
  55  15:47  Cyclone  
  47  16:19  Cyclone  
  47  16:22  Marine  
  51  16:33  Command Center  
  47  16:40  Marine  
  47  16:46  Missile Turret  
  48  16:48  Missile Turret  
  48  16:49  Missile Turret  
  48  16:51  SCV  
  48  16:52  Cyclone  
  47  16:58  Marine  
  37  17:04  SCV  
  37  17:05  Missile Turret  
  38  17:15  SCV  
  39  17:16  SCV x2, Marine  
  42  17:24  Cyclone  
  42  17:27  SCV  
  42  17:28  SCV x2  
  45  17:34  Marine  
  43  17:39  SCV  
  43  17:40  SCV  
  45  17:48  Command Center  
  45  17:51  SCV  
  45  17:54  SCV  
  47  17:58  Refinery  
  47  18:04  SCV  
  48  18:06  SCV  
  48  18:08  SCV, Orbital Command  
  48  18:12  Refinery  
  50  18:13  Refinery  
  50  18:18  SCV  
  51  18:20  SCV  
  51  18:21  Orbital Command  
  52  18:33  SCV  
  53  18:39  SCV  
  54  18:42  SCV  
  55  18:51  SCV  
  55  18:54  SCV  
  57  19:03  SCV  
  57  19:04  Refinery  
  57  19:06  SCV  
  59  19:13  Marine  
  59  19:15  SCV  
  61  19:17  Factory Reactor x2  
  61  19:18  SCV  
  61  19:23  Viking x2  
  66  19:29  Orbital Command  
  66  19:31  Marine  
  66  19:35  Planetary Fortress  
  67  19:48  SCV x2  
  67  19:49  Marine  
  70  19:53  Viking x2  
  74  20:00  SCV  
  74  20:07  Marine  
  74  20:12  SCV  
  76  20:23  Viking x2  
  76  20:24  SCV, Marine, Cyclone x3  
  76  20:25  Cyclone  
  94  20:34  Missile Turret, Refinery  
  94  20:37  Refinery  
  94  20:42  Marine  
  87  20:53  Viking x2  
  87  20:56  Cyclone x2, Barracks  
  87  20:57  Cyclone x2  
  103  21:00  Marine  
  104  21:06  Armory  
  101  21:18  Marine  
  71  21:23  Medivac x2  
  62  21:28  Cyclone  
  62  21:29  Cyclone x2  
  70  21:36  Marine  
  68  21:45  Barracks  
Tags
 
Composition
Mech
League
Platinum
Matchup
TvT
Race
Terran
Spawn Locations
Cross Positions
Add a new tag
Caveats
  • Supply blocks, unpowered buildings, or Contaminate may cause inaccurate times.
  • Supply counts are checked every 10 seconds.